 Dungeon Crawl Stone Soup version 0.28-a0-519-gbfeecf2fc5 (webtiles) character file.

Game seed: 5084181688835247091

248 avis the Skirmisher (level 6, -2/42 HPs)
             Began as an Octopode Transmuter on Sept 24, 2021.
             Slain by a phantom (4 damage)
             ... on level 4 of the Dungeon.
             The game lasted 00:20:29 (5032 turns).

avis the Skirmisher (Octopode Transmuter)           Turns: 5032, Time: 00:20:30

Health: -2/42      AC:  2    Str: 11    XL:     6   Next: 12%
Magic:  3/10       EV: 20    Int: 16    God:
Gold:   123        SH:  0    Dex: 23    Spells: 7/11 levels left

rFire   . . .      SeeInvis .     - Unarmed
rCold   . . .      Faith    .   (shield currently unavailable)
rNeg    + . .      Spirit   .   (helmet currently unavailable)
rPois   x          Reflect  .   (no amulet)
rElec   .          Harm     .   e - ring of positive energy
rCorr   .          Rampage  .   f - +6 ring of dexterity
Will    .....                   (no ring)
Stlth   ++........              (no ring)
HPRegen 0.14/turn               (no ring)
MPRegen 0.12/turn               (no ring)
                                (no ring)
                                (no ring)

@: spider-form, very slightly contaminated
A: venomous fangs, almost no armour, (amphibious), 8 rings, tiny, (camouflage
1), (gelatinous body 1), (nimble swimmer 1), (tentacles)
a: End Transformation


You were on level 4 of the Dungeon.
You were a venomous arachnid creature.
You visited 1 branch of the dungeon, and saw 4 of its levels.

You collected 123 gold pieces.

Inventory:

Missiles
 b - 88 arrows
 g - 5 curare-tipped darts
 h - 92 stones
 k - 25 poisoned darts
Jewellery
 e - a ring of positive energy (left front leg)
 f - a +6 ring of dexterity (right front leg)
 o - an amulet of faith
Wands
 q - a wand of iceblast (6)
Scrolls
 a - a scroll of enchant armour {unknown}
 d - 2 scrolls of teleportation {unknown}
 i - a scroll of magic mapping {unknown}
 l - a scroll of immolation {unknown}
 m - 3 scrolls of identify {unknown}
 n - a scroll of fear {unknown}
 p - a scroll of summoning {unknown}
Potions
 c - 2 potions of curing
 j - a potion of heal wounds {unknown}
 r - a potion of haste {unknown}


   Skills:
 * Level 3.6 Fighting
 - Level 2.0 Dodging
 - Level 2.0 Stealth
 - Level 3.0 Unarmed Combat
 - Level 3.0 Spellcasting
 - Level 3.0 Transmutations
 - Level 3.0 Poison Magic


You had 7 spell levels left.
You knew the following spells:

 Your Spells              Type           Power      Damage    Failure   Level
a - Beastly Appendage     Tmut           24%        N/A       16%         1
p - Spider Form           Tmut/Pois      6%         N/A       34%         3

Your spell library contained the following spells:

 Spells                   Type           Power      Damage    Failure   Level
 Wereblood                Tmut           12%        N/A       22%         2
 Ice Form                 Ice/Tmut       7%         N/A       86%         4
 Iskenderun's Battlesphe  Conj           2%         2d6       100%        5
 Iron Shot                Conj/Erth      1%         9d1       100%        6
 Spellforged Servitor     Conj/Summ      1%         N/A       100%        7


Dungeon Overview and Level Annotations

Branches:
Dungeon (4/15)
 Temple: D:4-7

Altars:
Trog

Shops:
D:4 =

Annotations:
D:2 Grinder
D:3 3 runed translucent doors, siradein's ghost, amateur TrHu


Innate Abilities, Weirdness & Mutations

You are a venomous arachnid creature.
You have poisonous fangs.
You are tiny and dextrous.
Your spellcasting is less reliable in this form.
Your armour is entirely melded.
You are incapable of wielding weapons or throwing items.
You cannot wear most types of armour.
((You are amphibious.))
You can wear up to eight rings at the same time.
((Your skin changes colour to match your surroundings (Stealth+).))
((Your rubbery body absorbs attacks. (AC +1, EV +1)))
((You are camouflaged near water. (Stealth+)))
((You have tentacles for arms and can constrict up to eight enemies at once.))


Message History

You hit the phantom but do no damage.
The phantom is moderately damaged.
The phantom misses you.
You hit the phantom.
The phantom is moderately damaged.
The phantom completely misses you. The hound skeleton bites you.
The wyvern zombie barely misses you.
You barely miss the phantom.
The phantom is moderately damaged.
The phantom hits you!
The phantom blinks!
You blink.
You hit the phantom.
The phantom is heavily damaged.
The phantom closely misses you. The wyvern zombie closely misses you.
You hit the phantom.
The phantom is heavily damaged.
The wyvern zombie closely misses you. The phantom barely misses you.
You hit the phantom but do no damage.
The phantom is heavily damaged.
Your transformation has ended.
The wyvern zombie barely misses you. The phantom barely misses you.
The wyvern zombie bites you!
* * * LOW HITPOINT WARNING * * *
Casting: Spider Form (dangerous; 16% risk of failure)
Confirm with . or Enter, or press ? or * to list all spells.
You miscast Spider Form.
You are very lightly contaminated with residual magic.
Nothing appears to happen.
The phantom hits you.
* * * LOW HITPOINT WARNING * * *
The phantom blinks!
You blink.
Casting: Spider Form (dangerous; 16% risk of failure)
Confirm with . or Enter, or press ? or * to list all spells.
You turn into a venomous arachnid creature.
The phantom closely misses you.
You hit the phantom.
The phantom is heavily damaged.
The phantom misses you.
You hit the phantom.
The phantom is severely damaged.
The phantom hits you.
You die...

#..#.........#
##.##.[#...#####.#.#
.....>.....# #§#.#
#..###.#.###
#..§......#
##..##..#.#
#...Z........
#...##..#.#
####Z.#.###.#
#...##..#.# #.##.#
##...##).#.######.##.#
#...............s....#
#...###..#.######W##.#
#...# #..#.### .#
#...# #...... .#
....###..#.########
..................
#..........#####.#
###.###..#......<#
..............##.#


You could see a phantom, a wyvern zombie and a hound skeleton.

Vanquished Creatures
  Jessica (D:3)
  A hound zombie (D:3)
  7 gnolls
  6 adders
  A white imp (D:4)
  2 worms
  2 dart slugs
  6 orcs (D:3)
  4 ball pythons
  3 bats
  4 endoplasms
  6 giant cockroaches
  2 goblins
  2 hobgoblins (D:2)
  12 jackals
  3 kobolds
  2 frilled lizards
  A rat (D:2)
65 creatures vanquished.

Notes
Turn   | Place    | Note
-------+----------+-------------------------------------------
     0 | D:1      | avis the Octopode Transmuter began the quest for the Orb.
     0 | D:1      | Reached XP level 1. HP: 13/13 MP: 3/3
   728 | D:1      | Reached XP level 2. HP: 14/19 MP: 3/5
   732 | D:1      | Reached skill level 1 in Stealth
  1162 | D:2      | Found a faded altar of an unknown god.
  1460 | D:2      | Reached skill level 1 in Poison Magic
  1512 | D:2      | Reached XP level 3. HP: 14/24 MP: 6/6
  2157 | D:1      | Learned a level 3 spell: Spider Form
  2266 | D:2      | Found a bloodstained altar of Trog.
  2319 | D:2      | Reached XP level 4. HP: 29/29 MP: 3/7
  3326 | D:3      | Noticed Grinder
  3451 | D:3      | Reached XP level 5. HP: 36/36 MP: 5/8
  3685 | D:3      | Noticed siradein's ghost (amateur TrHu)
  3693 | D:3      | Found a runed translucent gate.
  3693 | D:3      | Found a runed translucent gate.
  3695 | D:3      | Found a runed translucent gate.
  3895 | D:3      | Noticed Jessica
  3901 | D:3      | Killed Jessica
  4330 | D:3      | Reached XP level 6. HP: 36/42 MP: 7/10
  4732 | D:4      | Found Mapreaf's Jewellery Shoppe.
  5029 | D:4      | HP: 2/42 [phantom (4)]
  5032 | D:4      | Slain by a phantom

Illustrated notes

Levels and vault maps discovered:
D:1:      ncdulo_halloftheorcs, layout_basic
D:2:      cheibrodos_helix_gallery, layout_basic,
          shapermc_ecumenical_altar_pompeii, basic_altar, grunt_ministairs_2
D:3:      layout_loops_ring, gammafunk_ghost_split,
          minmay_fractal_squares_diagonal_5, uniq_grinder, uniq_jessica
D:4:      layout_basic, mainiacjoe_overflow_alcove_4, serial_shops, shop

Skill      XL: |  1  2  3  4  5 |
---------------+----------------+-----
Fighting       | 2 3 |  3.6
Stealth        | 2 |  2.0
Poison Magic   | 1 3 |  3.0
Transmutations | 3 |  3.0
Spellcasting   | 3 |  3.0
Dodging        | |  2.0
Unarmed Combat | |  3.0

Action                   |  1- 3 |  4- 6 || total
-------------------------+-------+-------++-------
Melee: Unarmed           |    72 |   142 ||   214
       Constrict         |    19 |     2 ||    21
       Kick              |    14 |     4 ||    18
       Tentacles         |    10 |     3 ||    13
       Punch             |     2 |     1 ||     3
 Cast: Beastly Appendage |    17 |     2 ||    19
       Spider Form       |     3 |    24 ||    27
  Use: Potion            |       |     1 ||     1
 Stab: Sleeping          |     4 |     2 ||     6
Armor: Skin              |     2 |     6 ||     8
Dodge: Dodged            |    49 |   119 ||   168

Table legend: (Time is in decaauts)
 A = Elapsed time spent in this place.
 B = Non-inter-level travel time spent in this place.
 C = Inter-level travel time spent in this place.
 D = Time resting spent in this place.
 E = Time spent auto-exploring this place.
 F = Levels seen in this place.
 G = Mean time per level.
                   A        B        C        D        E       F      G
               +--------+--------+--------+--------+--------+-----+--------+
         Total |   5026 |   4836 |    190 |   2071 |   1766 |   4 | 1256.5 |
       Dungeon |   5026 |   4836 |    190 |   2071 |   1766 |   4 | 1256.5 |
               +--------+--------+--------+--------+--------+-----+--------+

Top non-repeatable levels by time:
     D:2: 1924 daAuts
     D:3: 1468 daAuts
     D:1: 1438 daAuts
     D:4: 196 daAuts
